 Dungeon Crawl Stone Soup version 0.28-a0-819-g6ef7baa362 (webtiles) character file.

Game seed: 13486518271857526221

56 lawman0 the Magician (level 3, 0/39 HPs)
             Began as a Draconian Hedge Wizard on Nov 9, 2021.
             Slain by a gnoll (2 damage)
             ... on level 2 of the Dungeon.
             The game lasted 00:01:59 (1418 turns).

lawman0 the Magician (Draconian Hedge Wizard)       Turns: 1418, Time: 00:02:00

Health: 0/39       AC:  5    Str: 12    XL:     3   Next: 69%
Magic:  7/8        EV: 12    Int: 15    God:
Gold:   29         SH:  0    Dex: 10    Spells: 8/9 levels left

rFire   . . .      SeeInvis .   e - +0 dagger (venom)
rCold   . . .      Faith    .   (no shield)
rNeg    . . .      Spirit   .   (armour unavailable)
rPois   .          Reflect  .   b - +0 hat
rElec   .          Harm     .   (no cloak)
rCorr   .          Rampage  .   (no gloves)
Will    .....                   (no boots)
Stlth   ..........              (no amulet)
HPRegen 0.13/turn               (no ring)
MPRegen 0.11/turn               (no ring)

@: berserking, very quick
A: AC +5, unfitting armour, cold-blooded
a: no special abilities


You were on level 2 of the Dungeon.
You visited 1 branch of the dungeon, and saw 2 of its levels.

You collected 29 gold pieces.

Inventory:

Hand Weapons
 e - a +0 dagger of venom (weapon)
Armour
 b - a +0 hat (worn)
Scrolls
 c - 2 scrolls of identify
Potions
 a - a potion of heal wounds {unknown}


   Skills:
 + Level 0.1 Fighting
 + Level 2.0 Dodging
 + Level 2.1 Stealth
 + Level 3.7 Spellcasting
 * Level 2.1 Conjurations
 + Level 1.0 Summonings
 + Level 1.0 Translocations


You had 8 spell levels left.
You knew the following spells:

 Your Spells              Type           Power      Damage    Failure   Level
a - Magic Dart            Conj           36%        1d4       8%          1

Your spell library contained the following spells:

 Spells                   Type           Power      Damage    Failure   Level
 Slow                     Hex            8%         N/A       19%         1
 Blink                    Tloc           10%        N/A       19%         2
 Call Imp                 Summ           5%         N/A       19%         2
 Conjure Flame            Conj/Fire      6%         6-21      34%         3
 Mephitic Cloud           Conj/Pois/Air  4%         N/A       38%         3


Dungeon Overview and Level Annotations

Branches:
Dungeon (2/15)

Altars:

Shops:
D:1 :(


Innate Abilities, Weirdness & Mutations

Your plain brown scales are hard. (AC +5)
You cannot fit into any form of body armour.
You are cold-blooded and may be slowed by cold attacks.


Message History

Press: ? - help, Q - select action Shift-Dir - straight line, f/p - gnoll
Aim: a gnoll, wielding a +0 halberd (lightly wounded, 100% to hit)
The magic dart hits the gnoll.
The gnoll is moderately wounded.
The gnoll barely misses you. The gnoll closely misses you.
The gnoll barely misses you.
You hit the gnoll.
The gnoll is poisoned.
The gnoll is severely wounded.
The gnoll hits you with a +0 halberd. The gnoll closely misses you.
The gnoll hits you from afar with a +0 spear.
The gnoll completely misses you.
You kill the gnoll!
Your Conjurations skill increases to level 2!
The gnoll barely misses you. The gnoll barely misses you.
You hit the gnoll.
The gnoll is poisoned.
The gnoll is lightly wounded.
The gnoll hits you with a +0 spear.
The gnoll hits you from afar with a +0 spear.
A frilled lizard comes into view.
The frilled lizard misses you.
You closely miss the frilled lizard.
You tail-slap the frilled lizard, but do no damage.
The gnoll hits you from afar with a +0 spear.
* * * LOW HITPOINT WARNING * * *
The frilled lizard misses you.
You hit the frilled lizard.
You kill the frilled lizard!
The gnoll hits you but does no damage.
Aiming: Magic Dart (safe; 8% risk of failure)
Press: ? - help, Q - select action Shift-Dir - straight line, f - gnoll
Aim: a gnoll, wielding a +0 spear (heavily wounded, poisoned, 100% to hit)
The magic dart hits the gnoll but does no damage.
The gnoll is heavily wounded.
The gnoll hits you from afar with a +0 spear.
* * * LOW HITPOINT WARNING * * *
A red film seems to cover your vision as you go berserk!
You feel yourself moving faster!
You feel mighty!
The gnoll hits you from afar with a +0 spear.
You die...

...#...........#
....)..........#
....####........#####
#.#....†.......)....#
# #.####.##########K#
......K...>.... #g#
.#....<........ #.#
...##.#.#.########.#
.. ....#!. #@.gK#
##.###### #†#### .
#.# # #.# #.# #.# #..
#.#


You could see a gnoll (poisoned) and a kobold.

Vanquished Creatures
  2 gnolls (D:2)
  A dart slug (D:1)
  3 endoplasms (D:1)
  A giant cockroach (D:1)
  6 goblins (D:1)
  A hobgoblin (D:1)
  2 jackals (D:1)
  3 kobolds
  A quokka (D:1)
  3 ball pythons (D:1)
  3 bats (D:1)
  5 frilled lizards
  4 rats
35 creatures vanquished.

Notes
Turn   | Place    | Note
-------+----------+-------------------------------------------
     0 | D:1      | lawman0 the Draconian Hedge Wizard began the quest for the
                  | Orb.
     0 | D:1      | Reached XP level 1. HP: 14/14 MP: 4/4
   199 | D:1      | Reached XP level 2. HP: 14/20 MP: 0/6
   345 | D:1      | Found Atiofayw's Antique Weapon Shoppe.
   938 | D:1      | Found Angaihiu's Book Emporium.
   946 | D:1      | \o/
   958 | D:1      | Reached XP level 3. HP: 26/26 MP: 7/7
  1417 | D:2      | HP: 1/26 [gnoll (4)]
  1418 | D:2      | Slain by a gnoll

Illustrated notes

#####.....### .# #..#..# #####.##
#..##.# #...... #..##.# #+#
#.##..# #..##.# #.# #.....
#.....# ####.# #.##8# ##...###
.....## #.##.##.# ##.....##
##...#######.8.@.8.###.......###
##.....)........>...##...........
.......#########8.#####.......###
###..### #..# ##.....#### .....#
#### ##......... ####.#
##.....≈.... #.# ##...§§≈≈≈...
#.# ##.....§≈≈≈≈.. #.#
#.....≈.§§§.§§


Turn 946 on D:1: \o/

Levels and vault maps discovered:
D:1:      onia_arrival_pyramid, layout_loops_corners, serial_shops, shop,
          nicolae_shop_statue_plus
D:2:      minmay_razor_zed, layout_basic, basic_altar,
          shapermc_ecumenical_altar_ellora, palyth_stone_intersect,
          minmay_pentomino_z2

Skill      XL: |  1  2  3 |
---------------+----------+-----
Stealth        | 2 |  2.1
Dodging        | 2 |  2.0
Conjurations   | 2 |  2.1
Fighting       | |  0.1
Spellcasting   | |  3.7
Summonings     | |  1.0
Translocations | |  1.0

Action                   || total
-------------------------++-------
Melee: Dagger            ||    55
       Tailslap          ||     7
 Cast: Magic Dart        ||    50
  Use: Scroll            ||     1
       Potion            ||     1
 Stab: Sleeping          ||     2
Armor: Skin              ||    14
Dodge: Dodged            ||    47

Table legend: (Time is in decaauts)
 A = Elapsed time spent in this place.
 B = Non-inter-level travel time spent in this place.
 C = Inter-level travel time spent in this place.
 D = Time resting spent in this place.
 E = Time spent auto-exploring this place.
 F = Levels seen in this place.
 G = Mean time per level.
                   A        B        C        D        E       F      G
               +--------+--------+--------+--------+--------+-----+--------+
         Total |   1417 |   1397 |     20 |    171 |   1010 |   2 |  708.5 |
       Dungeon |   1417 |   1397 |     20 |    171 |   1010 |   2 |  708.5 |
               +--------+--------+--------+--------+--------+-----+--------+

Top non-repeatable levels by time:
     D:1: 1352 daAuts
     D:2: 64 daAuts
